 Dungeon Crawl Stone Soup version 0.15.1-3-g1b33baa (webtiles) character file.

42 staplegun the Sneak (level 3, -1/21 HPs)
             Began as an Octopode Wizard on Oct 11, 2014.
             Slain by Crazy Yiuf
             ... wielding a +3 quarterstaff of chaos
              (20 damage)
             ... on Level 2 of the Dungeon.
             The game lasted 00:02:53 (1313 turns).

staplegun the Sneak (Octopode Wizard)               Turns: 1313, Time: 00:02:55

HP  -1/21        AC  1     Str  6      XL: 3   Next: 54%
MP   8/8         EV 12     Int 21      God:
Gold 35          SH  0     Dex 10      Spells:  1 memorised,  7 levels left

rFire  . . .     SeeInvis .     o - +0 dagger
rCold  . . .     Clarity  .     (no shield)
rNeg   . . .     rCorr    .     b - +0 hat
rPois  .         rRot     .     (no amulet)
rElec  .         Spirit   .     (no ring)
SustAb .         Warding  .     (no ring)
rMut   .         Stasis   .     (no ring)
Gourm  .                        (no ring)
MR     .....                    (no ring)
                                (no ring)
                                (no ring)
                                (no ring)

@: not resistant to hostile enchantments, fairly stealthy
A: almost no armour, amphibious, 8 rings, constrict 8, camouflage 1, gelatinous
body 1
a: no special abilities


You were on level 2 of the Dungeon.
You were not hungry.

You visited 1 branch of the dungeon, and saw 2 of its levels.

You collected 35 gold pieces.

Inventory:

Hand weapons
 o - a +0 dagger (weapon)
Armour
 b - a +0 hat (worn)
Comestibles
 d - 2 bread rations
 g - a beef jerky
 h - a meat ration
 m - 5 fruits
 p - 2 rotting chunks of hobgoblin flesh
 q - a rotting chunk of goblin flesh
Scrolls
 e - 2 scrolls of fog {unknown}
 f - a scroll of enchant weapon {unknown}
 k - a scroll of noise {unknown}
 n - a scroll of remove curse {unknown}
Potions
 a - a potion of invisibility {unknown}
 i - a potion of resistance {unknown}
 j - a potion of curing {unknown}
 l - a potion of restore abilities {unknown}
 r - a potion of mutation {unknown}
Books
 c - a book of Minor Magic

   Spells                             Type                      Level
   *Magic Dart                        Conjuration                  1
   Blink                              Translocation                2
   Call Imp                           Summoning                    2
   Repel Missiles                     Charms/Air                   2
   Slow                               Hexes                        2
   Conjure Flame                      Conjuration/Fire             3
   Mephitic Cloud                     Conjuration/Poison/Air       3


   Skills:
 + Level 2.2 Dodging
 + Level 3.8 Stealth
 + Level 3.2 Spellcasting
 + Level 1.9 Conjurations
   Level 1.0 Summonings
   Level 1.0 Translocations


You had 7 spell levels left.
You knew the following spells:

 Your Spells              Type           Power        Failure   Level  Hunger
a - Magic Dart            Conj           ##..         8%          1    None


Dungeon Overview and Level Annotations

Branches:
Dungeon (2/15)

Altars:

Annotations:
D:2 Crazy Yiuf


Innate Abilities, Weirdness & Mutations

You cannot wear most types of armour.
You are amphibious.
You can wear up to eight rings at the same time.
You can use your tentacles to constrict many enemies at once.
Your skin changes colour to match your surroundings (Stealth).
Your rubbery body absorbs attacks (AC +1).


Message History

Crazy Yiuf is too close now for your liking.
Crazy Yiuf is nearby!
Crazy Yiuf is nearby!
Crazy Yiuf laughs, "Goldfish!
Adder sow green."
Crazy Yiuf says, "Crazy?
Crazy!?
PORCUPINE!"
Crazy Yiuf laughs, "Aardvark pontify green!"
Crazy Yiuf whimpers, "Nubble!
Lay arm broken."
Crazy Yiuf yells, "Sif Muna illywillydillykilly ladder!"
There is a stone staircase leading up here.
You closely miss Crazy Yiuf. You grab Crazy Yiuf.
You constrict Crazy Yiuf, but do no damage.
Crazy Yiuf laughs, "Lugonu!"
Crazy Yiuf closely misses you.
You hit Crazy Yiuf but do no damage. Your squeeze misses Crazy Yiuf.
You constrict Crazy Yiuf.
Crazy Yiuf cries, "Liver seventy fast!"
Crazy Yiuf hits you with a quarterstaff of chaos.
You are electrocuted!
Ouch! That really hurt!
You die...

#....###.....# ...... ##....
#...........#####..#.####...#
##..####.##............##...#
#..## #.##..#.........##...#
....## #.##..#..............#
.....# #.##..#.........##...#
....####.##..#.....)........#
#...# #..##..#..g......#....#####
###.# #.###..#..@......##.......#
#.###.###.##..............###<.
#.....##..##..............# #..
##..##........##.####.....# ...
..........................###.#..
...............###...##..## ..##.
.......######### #......# #% #
#.####.# #.##..# #. #. #.. . #


You could see Crazy Yiuf.

Vanquished Creatures
  A giant gecko (D:1)
  3 giant cockroaches (D:1)
  7 hobgoblins
  2 kobolds
  4 ball pythons (D:1)
  4 bats
  2 giant newts (D:1)
  8 goblins
  8 rats
39 creatures vanquished.

Notes
Turn   | Place    | Note
--------------------------------------------------------------
     0 | D:1      | staplegun, the Octopode Wizard, began the quest for the Orb.
     0 | D:1      | Reached XP level 1. HP: 11/11 MP: 4/4
    80 | D:1      | Reached XP level 2. HP: 15/17 MP: 0/6
   698 | D:1      | Reached XP level 3. HP: 19/21 MP: 2/8
  1286 | D:2      | Noticed Crazy Yiuf
  1313 | D:2      | Slain by Crazy Yiuf

Action                   || total
-------------------------++-------
Melee: Unarmed           ||    22
       Dagger            ||     6
 Cast: Magic Dart        ||    65
  Eat: Chunk             ||     1
